 Dungeon Crawl Stone Soup version 0.19.5 (webtiles) character file.

22714 equalderp2856 the Ripper (level 12, -8/60 HPs)
             Began as a Felid Fighter on Mar 6, 2017.
             Killed from afar by a hell hound (10 damage)
             ... with a blast of flame
             ... led by Azrael
             ... on level 15 of the Dungeon on Mar 7, 2017.
             The game lasted 02:43:27 (45376 turns).

equalderp2856 the Ripper (Felid Fighter)           Turns: 45376, Time: 02:43:27

Health: -8/60      AC:  3    Str: 13    XL:     12   Next: 65%
Magic:  24/24      EV: 32    Int: 13    God:
Gold:   771        SH:  0    Dex: 16    Spells: 2 memorised, 21 levels left
                                        Lives:  0   Deaths: 3

rFire  . . .     SeeInvis +       - Unarmed
rCold  + . .     Gourm    .     (armour unavailable)
rNeg   . . .     Faith    .     (shield unavailable)
rPois  .         Spirit   .     (helmet unavailable)
rElec  .         Reflect  .     (cloak unavailable)
rCorr  .         Harm     .     (gloves unavailable)
MR     +....                    (boots unavailable)
Stlth  ++++++....               (no amulet)
                                (no ring)
                                t - +5 ring of evasion

@: quick
A: no armour, no weapons or thrown items, stealth, claws 1, fangs 3, see
invisible, carnivore 3, speed 1, shaggy fur 3, slow metabolism 1, sharp paws
a: no special abilities


You were on level 15 of the Dungeon.
You were not hungry.

You visited 3 branches of the dungeon, and saw 20 of its levels.
You visited 1 bazaar.

You collected 1161 gold pieces.
You spent 390 gold pieces at shops.

Inventory:

Missiles
 e - 3 throwing nets
 y - 434 arrows
Jewellery
 t - a +5 ring of evasion (left paw)
 H - an uncursed amulet of the gourmand
 I - an uncursed amulet of harm
 J - a cursed amulet of the gourmand
 Q - an uncursed ring of fire
Wands
 A - a wand of flame (28/48)
 D - a wand of random effects (38/48)
 G - a wand of disintegration (11/24)
 K - a wand of flame (25/48)
 L - a wand of enslavement (7/24)
 M - a wand of iceblast (7/15)
 N - a wand of lightning (7/15)
 P - a wand of confusion (25/48)
 U - a wand of iceblast (7/15)
 V - a wand of lightning (9/15)
 X - a wand of paralysis (7/24)
Scrolls
 c - 10 scrolls of remove curse
 f - a scroll of magic mapping
 g - 6 scrolls of random uselessness
 j - 4 scrolls of teleportation
 k - 4 scrolls of amnesia
 m - 5 scrolls of recharging
 n - 9 scrolls of identify
 u - 7 scrolls of enchant weapon
 W - a scroll of holy word
 Y - a scroll of summoning
 Z - a scroll of silence
Potions
 a - a potion of might
 h - a potion of resistance
 i - 2 potions of mutation
 l - a potion of curing
 p - 3 potions of invisibility
 r - 2 potions of degeneration
 s - 2 potions of agility
 w - a potion of brilliance
 x - 3 potions of haste
 z - 2 potions of cure mutation
 B - a potion of cancellation
Books
 q - a book of Necromancy

   Spells                             Type                      Level
   a - Pain                           Necromancy                   1
   b - Animate Skeleton               Necromancy                   1
   c - Vampiric Draining              Necromancy                   3
   d - Regeneration                   Charms/Necromancy            3
   e - Animate Dead                   Necromancy                   4
   f - Control Undead                 Necromancy                   4
 E - a book of Necromancy

   Spells                             Type                      Level
   a - Pain                           Necromancy                   1
   b - Animate Skeleton               Necromancy                   1
   c - Vampiric Draining              Necromancy                   3
   d - Regeneration                   Charms/Necromancy            3
   e - Animate Dead                   Necromancy                   4
   f - Control Undead                 Necromancy                   4
 F - a book of Misfortune

   Spells                             Type                      Level
   a - Confusing Touch                Hexes                        1
   b - Confuse                        Hexes                        3
   c - Gell's Gravitas                Hexes/Translocation          3
   d - Petrify                        Transmutation/Earth          4
   e - Metabolic Englaciation         Hexes/Ice                    5
   f - Yara's Violent Unravelling     Hexes/Transmutation          5
Miscellaneous
 O - a fan of gales
Comestibles
 b - 5 meat rations
 o - 13 bread rations
 v - 5 beef jerkies
 C - 12 fruits


   Skills:
 + Level 11.6 Fighting
 + Level 11.6 Dodging
 + Level 14.2 Stealth
 + Level 15.7 Unarmed Combat
 + Level 7.4 Spellcasting
 + Level 11.7 Hexes


You had 21 spell levels left.
You knew the following spells:

 Your Spells              Type           Power        Failure   Level  Hunger
a - Confusing Touch       Hex            #####.       1%          1    None
b - Confuse               Hex            #####...     1%          3    ##.....


Dungeon Overview and Level Annotations

Branches:
Dungeon (15/15)            Temple (1/1) D:4            Lair (4/6) D:10
 Shoals (0/4) Lair:3          Orc (0/2) D:9          Vaults (0/5) D:13
 Depths (0/5) D:15
  Snake: Lair:2-4    Spider: Lair:2-4

Altars:
Ashenzari
Cheibriados
Dithmenos
Elyvilon
Fedhas
Gozag
Hepliaklqana
Kikubaaqudgha
Makhleb
Nemelex Xobeh
Okawaru
Qazlal
Ru
Sif Muna
Trog
Uskayaw
Vehumet
Xom
Yredelemnul
Zin
The Shining One
Jiyva

Shops:
D:4 !   D:10 *   D:13 }%=

Annotations:
D:10 darlok3d's ghost, journeyman DrWz
D:15 Azrael
Lair:2 MirrMurr's ghost, journeyman DsGl


Innate Abilities, Weirdness & Mutations

You cannot wear armour.
You are incapable of wielding weapons or throwing items.
Your paws allow you to move quietly. (Stealth)
You have sharp claws.
You have razor-sharp teeth.
You have supernaturally acute eyesight. (SInv)
You are carnivorous and can eat meat at any time.
You cover ground quickly.
Your thick and shaggy fur keeps you warm. (AC +3, rC+)
You have a slow metabolism.
Your sharp claws are effective at attacking unaware monsters.


Message History

You start resting.
A freezing wraith comes into view.
You see here a sky beast corpse.
The hell hound barks!
The hell hound breathes flames at you. The blast of flame hits you!
* * * LOW HITPOINT WARNING * * *
The hell hound breathes flames at you. The blast of flame misses you.
The hell hound breathes flames at you. The blast of flame misses you.
Found a royal jelly.
The hell hound completely misses you. The hell hound completely misses you.
The hell hound breathes flames at you. The blast of flame hits you!
* * * LOW HITPOINT WARNING * * *
The hell hound breathes flames at you. The blast of flame hits you!
You die...

...###.#......##### ...#
#.#.#..).#
..####......).#
............#.#######
########..#.#........
###..#..#######
###..#...#..### ##
##..#...#...#..### .#
#..#...#...#..@#..###%#
#..#...#...#...#..h#..#.#
.#...#...#(..#...#h..#..#
...#...#...#...#...#....#
.#...#...#...#...#...#..#
...#...#...#...#...#....#
.#...#...#...#...#...#..#
..h#...#...#...#...#....#
.#...#...#...#...#...#..#


You could see 2 hell hounds.

Vanquished Creatures
  Gastronok (D:8)
  An ettin (D:15)
  A yaktaur captain (D:13)
  Josephine (D:15)
  An ogre mage (D:15)
  5 centaur warriors
  Erica (D:8)
  The ghost of MirrMurr the Cruncher, a novice DsGl of Okawaru (D:8)
  2 tengu warriors
  Sonja (D:15)
  A deep elf knight (D:15)
  A deep troll (D:14)
  4 unseen horrors
  Pikel (D:6)
  8 hill giants
  A phantasmal warrior (D:13)
  2 deep elf magi
  A wolf spider zombie (D:14)
  6 manticores
  4 cyclopes
  12 ugly things
  A moth of wrath (shapeshifter) (D:15)
  3 black mambas
  2 elephants (Lair:2)
  Psyche (D:8)
  4 gargoyles
  9 spiny frogs
  A freezing wraith (D:13)
  2 yaktaurs
  3 kobold demonologists
  An efreet (D:14)
  3 rime drakes
  2 komodo dragons
  4 tengu conjurers
  A meliai (D:15)
  7 trolls
  6 two-headed ogres
  Prince Ribbit (Lair:3)
  8 blink frogs
  7 hippogriffs
  8 slime creatures
  Sigmund (D:4)
  2 wyverns
  A water elemental (D:15)
  20 yaks
  2 shadows
  4 wraiths
  3 hungry ghosts
  A steam dragon (D:11)
  3 basilisks
  A mottled dragon (D:14)
  5 water moccasins
  2 soldier ants
  3 porcupines
  A water moccasin (shapeshifter) (D:15)
  A swamp drake (D:10)
  Duvessa (D:7)
  3 orc warriors
  7 ice beasts
  2 phantoms
  2 black bears
  An eye of draining (D:9)
  6 sky beasts
  10 wolves
  12 centaurs
  13 ogres
  4 boggarts (D:15)
  3 crocodiles
  4 big kobolds
  13 bullfrogs
  Dowan (D:7)
  3 scorpions
  10 killer bees
  16 wights
  An electric eel (D:6)
  5 howler monkeys
  8 jellies
  A bullfrog zombie (D:11)
  7 crimson imps
  4 bullfrog skeletons
  8 orc priests
  6 centaur skeletons
  8 hounds
  14 orc wizards
  8 iguanas
  10 worker ants
  A hound zombie (D:5)
  3 hound skeletons
  A worker ant zombie (D:9)
  3 gnolls (D:7)
  A howler monkey skeleton (D:5)
  15 adders
  2 shadow imps (D:10)
  2 adder zombies
  3 worms
  4 dart slugs
  8 leopard geckos
  47 orcs
  3 ball pythons
  4 giant cockroaches
  16 hobgoblins
  8 jackals
  4 quokkas
  7 bats
  11 frilled lizards
  A giant cockroach zombie (D:5)
  13 goblins
  36 kobolds
  A leopard gecko skeleton (D:8)
  A leopard gecko zombie (D:8)
  7 rats
573 creatures vanquished.

Vanquished Creatures (others)
  4 slaves (D:6)
  A killer bee (D:6)
  7 fungi
  A plant (Lair:1)
13 creatures vanquished.

Grand Total: 586 creatures vanquished

Notes
Turn   | Place    | Note
-------+----------+-------------------------------------------
     0 | D:1      | equalderp2856 the Felid Fighter began the quest for the Orb.
     0 | D:1      | Reached XP level 1. HP: 10/10 MP: 2/2
   211 | D:1      | Reached XP level 2. HP: 14/14 MP: 3/3
  1020 | D:2      | Found an iron altar of Okawaru.
  1196 | D:2      | Reached XP level 3. HP: 17/17 MP: 4/4
  1714 | D:2      | Found a white marble altar of Elyvilon.
  1714 | D:2      | Found a faded altar of an unknown god.
  1722 | D:2      | Found a blossoming altar of Fedhas.
  1724 | D:2      | Found a faded altar of an unknown god.
  1726 | D:2      | Found a sparkling altar of Nemelex Xobeh.
  1896 | D:1      | Reached skill level 1 in Stealth
  1922 | D:1      | Reached skill level 5 in Unarmed Combat
  2153 | D:1      | Reached XP level 4. HP: 20/21 MP: 5/5
  2651 | D:3      | Reached XP level 5. HP: 12/24 MP: 6/6
  3696 | D:4      | Reached skill level 5 in Dodging
  3737 | D:4      | Noticed Sigmund
  3744 | D:4      | Killed Sigmund
  3744 | D:4      | Reached skill level 6 in Unarmed Combat
  3744 | D:4      | Gained mutation: You are covered in thick fur. (AC +2) [Felid growth]
  3744 | D:4      | Reached XP level 6. HP: 13/28 MP: 7/7
  3918 | D:4      | Found Fyhucage's Distillery.
  3928 | D:4      | Found a staircase to the Ecumenical Temple.
  3946 | D:5      | Entered Level 5 of the Dungeon
  4951 | D:5      | Noticed an ice beast
  5012 | D:5      | Noticed a sky beast
  5100 | D:4      | HP: 1/28 [centaur skeleton (5)]
  5101 | D:4      | Reached XP level 7. HP: 2/31 MP: 8/8
  5888 | D:3      | Reached skill level 5 in Stealth
  6338 | D:4      | Reached skill level 7 in Unarmed Combat
  6495 | D:4      | Bought a potion of mutation for 30 gold pieces
  6568 | Temple   | Entered the Ecumenical Temple
  8087 | D:5      | Reached XP level 8. HP: 31/36 MP: 9/9
  8391 | D:5      | Found an opulent altar of Gozag.
  8408 | D:5      | Reached skill level 8 in Unarmed Combat
  8552 | D:6      | Noticed Pikel
  8562 | D:6      | Killed Pikel
  8562 | D:6      | Reached skill level 9 in Unarmed Combat
  8762 | D:6      | Noticed a hill giant
  9014 | D:6      | Found a hide-covered altar of Uskayaw.
 10143 | D:6      | Reached XP level 9. HP: 34/39 MP: 10/10
 10986 | D:7      | Noticed Dowan
 11214 | D:7      | Reached skill level 10 in Unarmed Combat
 11218 | D:7      | Noticed Duvessa
 11223 | D:7      | Killed Duvessa
 11360 | D:7      | Killed Dowan
 11763 | D:7      | Found a radiant altar of Vehumet.
 11766 | D:7      | Found a glowing golden altar of the Shining One.
 11769 | D:7      | Found a burning altar of Makhleb.
 11772 | D:7      | Found a sacrificial altar of Ru.
 11987 | D:8      | Noticed Psyche
 11996 | D:8      | Killed Psyche
 12080 | D:8      | Noticed MirrMurr's ghost (novice DsGl)
 12371 | D:8      | Found a snail-covered altar of Cheibriados.
 12462 | D:8      | Noticed Erica
 12623 | D:8      | Reached skill level 11 in Unarmed Combat
 13909 | D:8      | Noticed Gastronok
 13914 | D:8      | Reached XP level 10. HP: 27/43 MP: 11/11
 14474 | D:9      | Found a staircase to the Orcish Mines.
 14486 | D:9      | Found a viscous altar of Jiyva.
 15122 | D:9      | Found a glowing silver altar of Zin.
 15122 | D:9      | Noticed an angel
 15795 | D:10     | Entered Level 10 of the Dungeon
 16034 | D:9      | Reached skill level 12 in Unarmed Combat
 16531 | D:10     | Found Cyowoinau's Island Escapes.
 16790 | D:10     | Noticed darlok3d's ghost (journeyman DrWz)
 17074 | D:10     | Reached skill level 10 in Dodging
 17519 | D:11     | Noticed a cyan ugly thing
 17519 | D:11     | Noticed a hill giant
 17519 | D:11     | Noticed a cyclops
 17544 | D:10     | Learned a level 1 spell: Confusing Touch
 17548 | D:10     | Learned a level 3 spell: Confuse
 17592 | D:11     | Noticed a brown ugly thing
 17612 | D:10     | Noticed a gargoyle
 17635 | D:10     | Killed a gargoyle
 17688 | D:11     | Noticed a cyan ugly thing
 17860 | D:9      | Reached skill level 13 in Unarmed Combat
 19184 | D:10     | Reached XP level 11. HP: 46/46 MP: 10/12
 19529 | D:10     | Found a staircase to the Lair.
 19718 | Lair:1   | Entered Level 1 of the Lair of Beasts
 19750 | Lair:1   | Reached skill level 10 in Stealth
 19895 | Lair:1   | HP: 2/46 [porcupine (16)]
 20028 | Lair:2   | Reached skill level 1 in Spellcasting
 20156 | Lair:2   | Reached skill level 1 in Hexes
 20496 | Lair:1   | HP: 1/46 [wolf (8)]
 20504 | Lair:1   | Noticed a five-headed hydra
 20508 | Lair:1   | Noticed a five-headed hydra
 21848 | Lair:2   | Reached skill level 5 in Fighting
 21886 | Lair:2   | Noticed MirrMurr's ghost (journeyman DsGl)
 24007 | Lair:3   | Gained mutation: Your thick and shaggy fur keeps you warm. (AC +3, rC+) [Felid growth]
 24007 | Lair:3   | Reached XP level 12. HP: 30/56 MP: 13/15
 24818 | Lair:3   | Found a staircase to the Shoals.
 25359 | Lair:3   | Noticed Prince Ribbit
 25394 | Lair:3   | Reached skill level 10 in Fighting
 25466 | Lair:3   | Killed Prince Ribbit
 28921 | D:8      | Killed Gastronok
 28921 | D:8      | Reached skill level 14 in Unarmed Combat
 29032 | D:8      | Killed MirrMurr's ghost
 30932 | D:8      | Killed Erica
 31403 | D:11     | Reached skill level 5 in Hexes
 31413 | D:11     | Hit by a large rock thrown by a cyclops
 31414 | D:11     | Reached XP level 11. HP: -19/55 MP: 3/17
 31416 | D:11     | Noticed an unseen horror
 31643 | D:10     | Killed a hill giant
 31864 | D:10     | Noticed a hill giant
 32576 | D:11     | Killed a brown ugly thing
 32817 | D:11     | Reached XP level 12. HP: 57/60 MP: 15/18
 34920 | D:12     | Noticed an ice dragon
 35716 | D:13     | Found Ysoll's Gadget Boutique.
 35813 | D:13     | Found Ilysouv's Food Shop.
 35920 | D:13     | Noticed a yaktaur captain
 36648 | D:13     | Found a gate to the Vaults.
 36673 | D:13     | Killed a yaktaur captain
 36868 | D:13     | Noticed a centaur warrior
 36876 | D:13     | Killed a centaur warrior
 36876 | D:13     | Reached skill level 15 in Unarmed Combat
 36876 | D:13     | Reached XP level 13. HP: 58/64 MP: 14/21
 37056 | D:13     | Reached skill level 5 in Spellcasting
 37282 | D:13     | Found Paqotsar's Jewellery Boutique.
 39429 | D:15     | Entered Level 15 of the Dungeon
 39429 | D:15     | Noticed Azrael
 39435 | D:15     | Noticed Josephine
 39439 | D:15     | Shot with a bolt by a yaktaur
 39440 | D:15     | Reached XP level 12. HP: -8/60 MP: 9/21
 39466 | D:15     | Noticed Sonja
 39486 | D:15     | Killed Sonja
 39609 | D:15     | Noticed a centaur warrior
 39615 | D:15     | Killed Josephine
 40035 | D:14     | Killed a centaur warrior
 40035 | D:14     | Reached skill level 10 in Hexes
 40051 | D:14     | Found a gateway to a bazaar.
 40135 | Bazaar   | Entered a bazaar
 40135 | Bazaar   | Found Ticeq's Food Shoppe.
 40140 | Bazaar   | Found Kexig's Magic Scroll Shop.
 40145 | Bazaar   | Found Neunad's Magic Scroll Boutique.
 40146 | Bazaar   | Found Joat's Gadget Shoppe.
 40180 | Bazaar   | Bought a scroll of blinking for 75 gold pieces
 40212 | Bazaar   | Bought 2 scrolls of identify for 44 gold pieces
 40212 | Bazaar   | Bought a scroll of identify for 22 gold pieces
 40212 | Bazaar   | Bought a scroll of silence for 82 gold pieces
 40212 | Bazaar   | Bought a scroll of identify for 22 gold pieces
 40224 | Bazaar   | Bought a scroll of identify for 20 gold pieces
 40224 | Bazaar   | Bought a scroll of identify for 20 gold pieces
 40256 | Bazaar   | Bought a scroll of magic mapping for 35 gold pieces
 40256 | Bazaar   | Bought a scroll of identify for 20 gold pieces
 40256 | Bazaar   | Bought a scroll of identify for 20 gold pieces
 40406 | D:15     | Noticed an ogre mage
 40453 | D:14     | HP: 3/60 [poisoned by a green ugly thing]
 40458 | D:14     | HP: 3/60 [poisoned by a green ugly thing]
 42145 | D:14     | Reached XP level 13. HP: 64/64 MP: 16/23
 44188 | D:15     | Found a staircase to the Depths.
 44289 | D:15     | Noticed an ettin
 44305 | D:15     | Killed an ettin
 45266 | D:15     | Killed from afar by a meliai
 45267 | D:15     | Reached XP level 12. HP: -5/60 MP: 15/24
 45376 | D:15     | HP: 2/60 [hell hound/blast of flame[Azrael] (10)]
 45376 | D:15     | Killed from afar by a hell hound

Skill      XL: |  1  2  3  4  5  6  7  8  9 10 11 12 13 |
---------------+----------------------------------------+-----
Stealth        | 1 2 4 5 6 8 9 10 13 14 | 14.2
Unarmed Combat | 5 6 7 9 11 13 15 | 15.7
Dodging        | 5 6 7 8 9 10 11 | 11.6
Fighting       | 4 11 10 | 11.6
Spellcasting   | 1 6 7 |  7.4
Hexes          | 2 10 11 | 11.7

Action                   |  1- 3 |  4- 6 |  7- 9 | 10-12 | 13-15 || total
-------------------------+-------+-------+-------+-------+-------++-------
Melee: Unarmed           |   130 |   141 |   338 |  1224 |   291 ||  2124
       Bite              |    12 |    11 |    25 |   142 |    40 ||   230
       Punch             |     3 |     3 |    11 |    89 |    24 ||   130
 Cast: Confusing Touch   |       |       |       |    86 |    28 ||   114
       Confuse           |       |       |       |   151 |    98 ||   249
  Use: Scroll            |       |       |    10 |    18 |     4 ||    32
       Potion            |       |       |     1 |     8 |     1 ||    10
 Stab: Sleeping          |     8 |     5 |     9 |    23 |     6 ||    51
       Distracted        |     1 |       |     4 |    12 |     3 ||    20
       Confused          |       |       |       |    87 |    50 ||   137
  Eat: Chunk             |     5 |     6 |     8 |    49 |    11 ||    79
       Pizza             |       |       |     2 |     1 |     1 ||     4
       Beef jerky        |       |       |       |     3 |       ||     3
       Royal jelly       |       |       |       |     5 |       ||     5
       Meat ration       |       |       |       |     1 |       ||     1
Armor: Skin              |     9 |     3 |     7 |    17 |     5 ||    41
Dodge: Dodged            |   130 |    96 |   231 |  1070 |   232 ||  1759
